 Dungeon Crawl Stone Soup version 0.31.0-32-g396128a36d (webtiles) character file.

Game seed: 10698675380216648449

1699741 Deimar the Conqueror (level 26, 266/266 HPs)
             Began as a Minotaur Fighter on Apr 9, 2024.
             Was the Champion of Okawaru.
             Escaped with the Orb
             ... and 3 runes on Apr 12, 2024!
             The game lasted 06:29:51 (65760 turns).

Deimar the Conqueror (Minotaur Fighter)            Turns: 65760, Time: 06:29:52

Health: 266/266    AC: 47    Str: 34    XL:     26   Next: 3%
Magic:  32/32      EV: 20    Int:  8    God:    Okawaru [******]
Gold:   9139       SH: 35    Dex: 21    Spells: 25/25 levels left

rFire   + + +        a - +9 broad axe of the Thirteen Shrikes {flame, *Noise rN+++ SInv}
rCold   + + +        p - +4 tower shield "Koenn" {Will++ Str-4 Dex+2 Stlth+}
rNeg    + + +        K - +10 gold dragon scales
rPois   +            F - +4 hat of Iczaraex {Rampage rN+ Regen+}
rElec   +            N - scarf {rC+ rF+}
rCorr   .            o - +2 pair of gloves {hurl}
SInv    +            S - +1 pair of boots of Qydyps {Will+ Dex+2 SInv}
Will    +++++        t - amulet of reflection Stlth
                     z - ring "Naeda" {rElec rF++ rC+ Will+ Dex+6}
HPRegen 1.44/turn    V - ring of Hirrouto {Will+ Str+6 Int+3 Stlth+}
MPRegen 0.23/turn

%: reflection, rampage
@: studying 2 skills
A: horns 2, retaliatory headbutt, mutation resistance 2, inability to drink
after injury 1
0: Orb of Zot
}: 3/15 runes: barnacled, silver, gossamer
a: Renounce Religion, Heroism, Finesse, Duel


You escaped.
You worshipped Okawaru.
Okawaru was exalted by your worship.
You visited 10 branches of the dungeon, and saw 48 of its levels.
You also visited: Trove, Ice Cave, Volcano and Wizlab.

You collected 10815 gold pieces.
You spent 1676 gold pieces at shops.

Inventory:

Hand Weapons
 a - the +9 broad axe of the Thirteen Shrikes (weapon) {flame, *Noise rN+++ SInv}
   (You acquired it on level 2 of the Elven Halls)

   rN+++:     It renders you almost immune to negative energy.
   SInv:      It lets you see invisible.
   *Noise:    It may make a loud noise when swung.
 G - a +9 antimagic broad axe
Missiles
 R - 34 javelins
 Y - 13 silver javelins (quivered)
Armour
 o - a +2 pair of gloves of hurling (worn)
 p - the +4 tower shield "Koenn" (worn) {Will++ Str-4 Dex+2 Stlth+}
   (You found it in a treasure trove)

   Str-4:     It affects your strength (-4).
   Dex+2:     It affects your dexterity (+2).
   Will++:    It greatly increases your willpower.
   Stlth+:    It makes you more stealthy.
 F - the +4 hat of Iczaraex (worn) {Rampage rN+ Regen+}
   (You found it in a treasure trove)

   rN+:       It protects you from negative energy.
   Regen+:    It increases your rate of health regeneration.
   Rampage:   It bestows one free step when moving towards enemies.
 K - +10 gold dragon scales (worn)
 N - a scarf of resistance (worn)
 S - the +1 pair of boots of Qydyps (worn) {Will+ Dex+2 SInv}
   (Okawaru gifted it to you in a volcano)

   Dex+2:     It affects your dexterity (+2).
   Will+:     It increases your willpower.
   SInv:      It lets you see invisible.
Jewellery
 e - a ring of resist corrosion
 t - an amulet of reflection (around neck)
 z - the ring "Naeda" (left hand) {rElec rF++ rC+ Will+ Dex+6}
   (You took it off a deep elf elementalist on level 3 of the Elven Halls)

   [ring of dexterity]

   Dex+6:     It affects your dexterity (+6).
   rF++:      It greatly protects you from fire.
   rC+:       It protects you from cold.
   rElec:     It insulates you from electricity.
   Will+:     It increases your willpower.
 V - the ring of Hirrouto (right hand) {Will+ Str+6 Int+3 Stlth+}
   (You found it on level 5 of the Lair of Beasts)

   [ring of strength]

   Str+6:     It affects your strength (+6).
   Int+3:     It affects your intelligence (+3).
   Will+:     It increases your willpower.
   Stlth+:    It makes you more stealthy.
 X - a ring of poison resistance
 Z - a ring of flight
Wands
 q - a wand of mindburst (60)
 s - a wand of polymorph (32)
 x - a wand of paralysis (50)
 y - a wand of flame (101)
 A - a wand of roots (25)
 E - a wand of quicksilver (53)
 O - a wand of digging (19)
Scrolls
 k - 15 scrolls of teleportation
 m - 3 scrolls of silence
 n - 2 scrolls of blinking
 u - 4 scrolls of amnesia
 v - 6 scrolls of fear
 w - 10 scrolls of enchant weapon
 B - 4 scrolls of fog
 C - 10 scrolls of revelation
 D - a scroll of enchant armour
 L - 5 scrolls of poison
 Q - 7 scrolls of immolation
 U - 8 scrolls of brand weapon
Potions
 d - 9 potions of might
 f - 4 potions of cancellation
 g - 8 potions of heal wounds
 h - 10 potions of attraction
 i - 10 potions of ambrosia
 l - 24 potions of curing
 r - 5 potions of resistance
 H - 6 potions of mutation
 I - 6 potions of magic
 J - 7 potions of enlightenment
 M - 5 potions of haste
 P - 3 potions of invisibility
 T - 6 potions of berserk rage
 W - 6 potions of brilliance
Miscellaneous
 c - a lightning rod (4/4)
 j - a phial of floods


   Skills:
 O Level 27 Fighting
 - Level 18.0 Axes
 - Level 9.0 Ranged Weapons
 - Level 10.0 Throwing
 + Level 25.4 Armour
 + Level 20.5 Dodging
 + Level 25.3 Shields
 - Level 14.1 Invocations
 + Level 10.7 Evocations


You had 25 spell levels left.
You didn't know any spells.
Your spell library contained the following spells:

 Spells                   Type           Power      Damage    Failure   Level
 Apportation              Tloc           0%         N/A       93%         1
 Necrotise                Necr           0%         1d4       93%         1
 Sting                    Conj/Alch      0%         1d3       93%         1
 Cigotuvi's Dreadful Rot  Necr/Alch/Air  0%         N/A       98%         2
 Ensorcelled Hibernation  Hex/Ice        0%         N/A       98%         2
 Jinxbite                 Hex            0%         N/A       98%         2
 Mercury Vapours          Alch/Air       0%         N/A       98%         2
 Scorch                   Fire           0%         2d5       98%         2
 Sublimation of Blood     Necr           0%         N/A       98%         2
 Dazzling Flash           Conj/Hex       0%         N/A       100%        3
 Fugue of the Fallen      Necr           0%         N/A       100%        3
 Gell's Gravitas          Tloc           0%         N/A       100%        3
 Hailstorm                Conj/Ice       0%         3d5       100%        3
 Mephitic Cloud           Conj/Alch/Air  0%         N/A       100%        3
 Ozocubu's Armour         Ice            0%         N/A       100%        3
 Passwall                 Erth           0%         N/A       100%        3
 Swiftness                Air            0%         N/A       100%        3
 Teleport Other           Tloc           0%         N/A       100%        3
 Vampiric Draining        Necr           0%         2d6       100%        3
 Volatile Blastmotes      Fire/Tloc      0%         2d10      100%        3
 Anguish                  Hex/Necr       0%         N/A       100%        4
 Cause Fear               Hex            0%         N/A       100%        4
 Dimensional Bullseye     Hex/Tloc       0%         N/A       100%        4
 Dispel Undead            Necr           0%         3d6       100%        4
 Flame Wave               Conj/Fire      0%         2d4       100%        4
 Fulminant Prism          Conj/Alch      0%         3d5       100%        4
 Ignite Poison            Fire/Alch      0%         N/A       100%        4
 Iskenderun's Mystic Bla  Conj/Tloc      0%         2d3       100%        4
 Manifold Assault         Tloc           0%         N/A       100%        4
 Olgreb's Toxic Radiance  Alch           0%         N/A       100%        4
 Petrify                  Alch/Erth      0%         N/A       100%        4
 Alistair's Intoxication  Alch           0%         N/A       100%        5
 Arcjolt                  Conj/Air       0%         1d10      100%        5
 Curse of Agony           Necr           0%         N/A       100%        5
 Fireball                 Conj/Fire      0%         3d3       100%        5
 Freezing Cloud           Conj/Ice/Air   0%         6-21      100%        5
 Irradiate                Conj/Alch      0%         3d11      100%        5
 Iskenderun's Battlesphe  Conj           0%         2d6       100%        5
 Lee's Rapid Deconstruct  Erth           0%         3d4*      100%        5
 Metabolic Englaciation   Hex/Ice        0%         N/A       100%        5
 Silence                  Hex/Air        0%         N/A       100%        5
 Bombard                  Conj/Erth      0%         9d1       100%        6
 Dispersal                Tloc           0%         N/A       100%        6
 Eringya's Noxious Bog    Alch           0%         4d6       100%        6
 Starburst                Conj/Fire      0%         6d3       100%        6
 Enfeeble                 Hex            0%         N/A       100%        7
 Ozocubu's Refrigeration  Ice            0%         4d7       100%        7
 Borgnjor's Revivificati  Necr           0%         N/A       100%        8
 Discord                  Hex            0%         N/A       100%        8
 Disjunction              Tloc           0%         N/A       100%        8
 Ignition                 Fire           0%         3d3       100%        8
 Chain Lightning          Conj/Air       0%         N/A       100%        9
 Death's Door             Necr           0%         N/A       100%        9
 Fire Storm               Conj/Fire      0%         5d1       100%        9
 Shatter                  Erth           0%         3d5*      100%        9
 Summon Ice Beast         Ice/Summ       Unusable   N/A       N/A         3
 Tukima's Dance           Hex            Unusable   N/A       N/A         3
 Animate Armour           Summ/Erth      Unusable   N/A       N/A         4
 Martyr's Knell           Necr/Summ      Unusable   N/A       N/A         4
 Summon Lightning Spire   Summ/Air       Unusable   N/A       N/A         4
 Summon Forest            Summ/Tloc      Unusable   N/A       N/A         5
 Death Channel            Necr           Unusable   N/A       N/A         6
 Sculpt Simulacrum        Ice/Alch       Unusable   N/A       N/A         6
 Summon Cactus Giant      Summ           Unusable   N/A       N/A         6
 Haunt                    Necr/Summ      Unusable   N/A       N/A         7
 Summon Hydra             Summ           Unusable   N/A       N/A         7
 Dragon's Call            Summ           Unusable   N/A       N/A         9

Dungeon Overview and Level Annotations

Branches:
Dungeon (15/15)            Temple (1/1) D:4            Lair (5/5) D:10
 Shoals (4/4) Lair:2       Spider (4/4) Lair:2        Slime (0/5) Lair:4
    Orc (2/2) D:11            Elf (3/3) Orc:2        Vaults (5/5) D:14
  Crypt (0/3) Vaults:3     Depths (4/4) D:15            Zot (5/5) Depths:4
  IceCv (visited)         Volcano (visited)          WizLab (visited)

Altars:
Ashenzari
Cheibriados
Dithmenos
Elyvilon
Fedhas
Gozag
Hepliaklqana
Kikubaaqudgha
Makhleb
Nemelex Xobeh
Okawaru
Qazlal
Ru
Sif Muna
Trog
Uskayaw
Vehumet
Wu Jian
Xom
Yredelemnul
Zin
The Shining One
Jiyva
Lugonu

Shops:
D:4 *=   D:6 **[   D:10 (   D:12 =   D:13 *   D:15 !   Orc:2 *=?([   Elf:2 !
Elf:3 *   Shoals:1 [   Shoals:2 (!   Vaults:2 !   Vaults:5 [*   Depths:3 ?

Portals:
Hell: Lair:5 Depths:1 Depths:2 Depths:3 Depths:4
Abyss: Depths:3 Depths:4
Pandemonium: Depths:2 Depths:3
Ziggurat: Depths:4

Annotations:
Elf:2 2 runed translucent doors
Depths:1 2 runed translucent doors, Dameikh's ghost, veteran FoFi
Depths:2 2 transporters, phunky83's ghost, veteran MiBe
Depths:3 3 runed translucent doors, Heoghut's ghost, adept DgCj
Zot:5 exclusion: orange crystal statue


Innate Abilities, Weirdness & Mutations

You have a pair of horns on your head.
You reflexively headbutt those who attack you in melee.
You are somewhat resistant to both further mutation and mutation removal.
You occasionally lose the ability to drink potions when taking damage.


Message History

The fireball explodes!
The fireball engulfs you. You resist.
The fireball engulfs the hell hog.
The hell hog completely resists.
A glowing orange brain comes into view.
The hell hog attacks as it pursues you! You block the hell hog's attack.
The glowing orange brain pulsates.
You rampage towards the frilled lizard!
The glowing orange brain pulsates.
The glowing orange brain radiates an aura of fear!
You resist with almost no effort.
You barely miss the endoplasm. You slice the hell hog!!
The hell hog breathes fire at you.
The fireball explodes!
The fireball engulfs you. You resist.
The fireball engulfs the endoplasm!!
The endoplasm dies!
The endoplasm dissolves into shadows!
The fireball engulfs the hell hog.
The hell hog completely resists.
A neqoxec comes into view.
You block the giant cockroach's attack.
You rampage towards the frilled lizard!
You miss the frilled lizard. You headbutt the frilled lizard.
You kill the frilled lizard!
The frilled lizard's corpse dissolves into shadows!
You barely miss the glowing orange brain.
You slice the giant cockroach!! You burn the giant cockroach.
Your broad axe of the Thirteen Shrikes howls like a wolf.
You kill the giant cockroach!
The giant cockroach's corpse dissolves into shadows!
The glowing orange brain pulsates.
You resist with almost no effort. The neqoxec gestures at you.
Strange energies course through your body.
You feel odd for a moment. The hell hog attacks as it pursues you!
You block the hell hog's attack. You block the neqoxec's attack.
There is a staircase leading out of the dungeon here.
You block the hell hog's attack.
The glowing orange brain pulsates.
The glowing orange brain radiates an aura of fear!
You resist with almost no effort.
You have escaped!

################
#.............>#
#..#..#..#..#..##
#...............#
#...............#
#@h3..........>.#
#.G.............#
#...............#
#..#..#.[#..#...#
#.............>.#
###############.##
#...... #....##
#......


You could see a hell hog, a glowing orange brain and a neqoxec.

Vanquished Creatures
  3 dread liches
  7 orbs of fire
  3 ancient liches
  Mara (Elf:3)
  2 curse toes
  5 Killer Klowns
  the Enchantress (Depths:3)
  9 golden dragons
  A profane servitor (Zot:1)
  Norris (Elf:2)
  Arachne (Spider:3)
  3 electric golems
  16 tentacled monstrosities
  Jorgrun (Spider:2)
  5 liches
  Mlioglotl (Spider:2)
  Rupert (D:12)
  3 quicksilver dragons
  27 Orb Guardians
  2 deep elf blademasters (Elf:3)
  A walking divine tome (Depths:3)
  4 deep elf master archers (Elf:3)
  8 death cobs
  An ancient champion (Vaults:3)
  6 titans (Vaults:5)
  10 sphinxes
  Kirke (D:14)
  An Executioner (D:13)
  10 storm dragons
  4 tengu reavers (Vaults:5)
  6 draconian monks
  8 draconian knights
  7 shadow dragons
  4 protean progenitors
  12 fire giants
  5 draconian shifters
  11 frost giants
  Roxanne (Spider:3)
  3 emperor scorpions
  2 iron dragons
  6 draconian scorchers
  A balrug (Depths:1)
  3 deep elf elementalists (Elf:3)
  An angel (D:15)
  5 ghost moths
  11 deep elf sorcerers
  5 spriggan defenders
  32 ironbound preservers
  4 draconian stormcallers
  25 vault wardens
  The ghost of boogee100 the Geomancer, a journeyman GrEE of Vehumet (D:13)
  4 broodmothers
  4 orc warlords
  6 draconian annihilators
  11 stone giants
  8 very ugly things
  5 ironbound thunderhulks
  4 formless jellyfish
  4 deep elf demonologists
  4 vampire knights
  4 deep elf death magi
  6 dire elephants
  3 minotaurs (Shoals:4)
  8 black draconians
  5 spark wasps
  6 war gargoyles
  A bunyip (Zot:5)
  26 purple draconians
  8 red draconians
  15 green draconians
  9 deep elf annihilators
  10 yellow draconians
  13 white draconians
  17 ettins
  7 merfolk impalers
  A merfolk javelineer (Shoals:4)
  A green death (D:1)
  7 statues (WizLab)
  5 crystal guardians (Vaults:4)
  14 yaktaur captains
  10 fire dragons
  5 jiangshi
  5 entropy weavers
  A spriggan zombie (Depths:1)
  4 deep elf high priests (Elf:3)
  4 great orbs of eyes
  6 hydras
  4 ogre magi
  39 vault guards
  5 ice dragons
  6 spriggan air magi
  3 rakshasas
  4 merfolk avatars
  Erica (Orc:1)
  A catoblepas (D:13)
  4 peacekeepers (Vaults:4)
  8 ironbound frosthearts
  2 radroaches
  A death knight (D:15)
  14 two-headed ogres
  9 satyrs (Shoals:4)
  9 tengu warriors
  3 vampire magi
  2 merfolk aquamancers
  6 death scarabs (Spider:4)
  4 demonic crawlers
  A sphinx skeleton (Vaults:3)
  3 deep troll earth magi
  6 spriggan berserkers
  2 centaur warriors
  4 hell hogs
  29 dancing weapons
  4 orc high priests
  An occultist (Depths:1)
  2 deep troll shamans
  A storm dragon zombie (Depths:1)
  4 sun demons
  12 hell knights
  3 spriggans
  A soul eater (Depths:2)
  19 deep elf knights
  Nergalle (Lair:2)
  5 skysharks
  A titan skeleton (Depths:1)
  2 sixfirhies
  4 skeletal warriors (Vaults:3)
  A skyshark (shapeshifter) (Depths:2)
  A salamander mystic (Depths:1)
  5 pharaoh ants
  A flayed ghost (Depths:2)
  A goliath frog (Zot:3)
  2 mana vipers (shapeshifter)
  3 glowing orange brains
  7 arcanists
  2 iron trolls (Depths:2)
  A deep troll (shapeshifter) (Depths:2)
  7 sea snakes
  64 deep trolls
  An orange crystal statue (IceCv)
  7 orb spiders (Spider:4)
  5 steelbarb worms
  10 deep elf archers
  3 spriggan simulacra
  5 phantasmal warriors
  A broodmother zombie (Spider:4)
  A swamp dragon (shapeshifter) (Depths:1)
  15 ironbound convokers
  34 deep elf zephyrmancers
  6 necromancers
  23 orc knights
  2 tengu skeletons (Vaults:3)
  22 deep elf pyromancers
  12 harpies
  A fire giant zombie (Depths:1)
  16 ugly things
  A shadow dragon skeleton (Depths:1)
  8 cyclopes
  4 orc sorcerers
  2 wolf spider zombies (Spider:4)
  20 wolf spiders
  15 manticores
  An iron dragon skeleton (Depths:1)
  9 fauns (Shoals:4)
  6 merfolk sirens
  26 moths of wrath
  3 salamanders (Depths:1)
  5 elephants (Lair:5)
  6 meliai (Spider:4)
  3 black mambas
  4 kobold blastminers (Orc:2)
  2 meliai (shapeshifter) (D:14)
  A rust devil (D:1)
  A titan simulacrum (Depths:1)
  A black mamba (shapeshifter) (D:14)
  5 water nymphs
  6 torpor snails
  9 cane toads
  A smoke demon (Volcano)
  21 vault sentinels
  3 orange demons
  A molten gargoyle (Depths:2)
  A gargoyle (D:13)
  3 spectral redbacks (Spider:4)
  An unseen horror (D:12)
  Maggie (D:10)
  14 komodo dragons
  An unseen horror zombie (D:9)
  An unseen horror (shapeshifter) (Elf:1)
  4 freezing wraiths
  A kobold demonologist (D:10)
  6 rime drakes
  53 yaktaurs
  2 anaconda simulacra
  19 tengu conjurers
  A golden dragon simulacrum (IceCv)
  3 ice devils (Lair:5)
  A troll (shapeshifter) (D:13)
  A hellwing (Lair:5)
  A spectral jumping spider (Spider:4)
  15 trolls
  6 wind drakes
  3 polar bears (Lair:1)
  An alligator simulacrum (IceCv)
  35 tarantellas
  2 hornets (Depths:2)
  A tarantella zombie (Spider:4)
  2 spectral tarantellas (Spider:4)
  36 merfolk
  A glass eye (Depths:3)
  3 jumping spider zombies (Spider:4)
  19 blink frogs
  Grinder (D:6)
  2 snapping turtles (Shoals:2)
  8 dream sheep
  36 slime creatures
  24 culicivoras
  12 jumping spiders
  3 shadows
  52 yaks
  2 vampires
  Sigmund (D:5)
  2 wraiths
  A dire elephant simulacrum (IceCv)
  A spriggan skeleton (Depths:1)
  3 fire bats (Lair:2)
  12 water elementals
  A wyvern (shapeshifter) (Elf:1)
  4 wyverns
  2 humans
  3 ynoxinuls
  3 basilisks
  3 fire elementals
  6 wargs
  Menkaure (D:4)
  9 steam dragons
  A minotaur simulacrum (Spider:2)
  2 hogs (D:14)
  37 redbacks
  12 vampire mosquitoes
  3 elf skeletons (Vaults:3)
  A swamp worm (shapeshifter) (Elf:1)
  2 harpy simulacra
  Edmund (D:6)
  A glowing shapeshifter zombie (Depths:1)
  A water moccasin (shapeshifter) (D:14)
  An acid dragon (D:13)
  2 glowing shapeshifter skeletons (Vaults:3)
  22 water moccasins
  9 hell hounds
  A hydra simulacrum (IceCv)
  30 orc warriors
  2 sky beasts
  3 black bears
  14 wolves
  An ettin simulacrum (IceCv)
  25 ogres
  A boggart (Vaults:1)
  3 centaurs
  2 phantoms
  19 bullfrogs
  5 kobold brigands
  2 gnoll sergeants
  2 necrophages (D:9)
  4 earth elementals
  2 deep troll simulacra (Spider:2)
  6 scorpions
  4 human skeletons (Vaults:3)
  2 wights (D:9)
  2 lindwurm simulacra
  2 electric eels
  4 bombardier beetles
  2 centaur zombies (D:9)
  A howler monkey (D:8)
  A hound (D:5)
  A human zombie (D:9)
  16 orc priests
  A jelly (D:6)
  9 iguanas
  22 orc wizards
  A hell rat (Lair:4)
  4 mummies (D:9)
  16 gnolls
  9 adders
  2 white imps (D:6)
  A ribbon worm (D:3)
  A dart slug (D:5)
  74 orcs
  10 bats
  8 endoplasms
  A giant cockroach (D:2)
  8 goblins
  2 hobgoblins (D:1)
  5 jackals (D:1)
  28 kobolds
  6 ball pythons
  7 frilled lizards
  A rat (D:5)
  7 aspiring fleshes
  A butterfly (Lair:1)
  6 spectral weapons
2108 creatures vanquished.

Vanquished Creatures (others)
  A black draconian (Zot:3)
  A red draconian (Zot:1)
  An ice dragon (D:15)
  2 deep elf pyromancers
  A manticore (Shoals:4)
  An orc warrior (Elf:3)
  An orc priest (Orc:2)
  2 starspawn tentacles (Spider:2)
10 creatures vanquished.

Grand Total: 2118 creatures vanquished

Notes
Turn   | Place    | Note
-------+----------+-------------------------------------------
     0 | D:1      | Deimar the Minotaur Fighter began the quest for the Orb.
     0 | D:1      | Reached XP level 1. HP: 19/19 MP: 0/0
   126 | D:1      | Reached XP level 2. HP: 26/26 MP: 1/1
   574 | D:2      | Reached XP level 3. HP: 24/31 MP: 2/2
  1052 | D:2      | Reached skill level 5 in Axes
  1054 | D:2      | Reached XP level 4. HP: 35/39 MP: 3/3
  1234 | D:3      | Found a shimmering altar of Xom.
  1890 | D:3      | Noticed a phantom
  1895 | D:3      | Killed a phantom
  1896 | D:3      | Reached XP level 5. HP: 40/45 MP: 4/4
  2139 | D:4      | Found a staircase to the Ecumenical Temple.
  2147 | Temple   | Entered the Ecumenical Temple
  2165 | Temple   | Became a worshipper of Warmaster Okawaru
  2226 | D:4      | Found an ornate altar of the Wu Jian Council.
  2241 | D:4      | Noticed Menkaure
  2256 | D:4      | Killed Menkaure
  2257 | D:4      | Reached XP level 6. HP: 7/51 MP: 5/5
  2562 | D:4      | Found Wasmic's CLEARANCE SALE!.
  2702 | D:4      | Found Witruim's Jewellery Shoppe.
  2982 | D:5      | Entered Level 5 of the Dungeon
  2988 | D:5      | Reached * piety under Okawaru
  3145 | D:5      | Reached XP level 7. HP: 58/58 MP: 6/6
  3172 | D:5      | Found a sacrificial altar of Ru.
  3186 | D:5      | Found a sparkling altar of Nemelex Xobeh.
  3213 | D:5      | Found a radiant altar of Vehumet.
  3279 | D:5      | Reached skill level 4 in Fighting
  3296 | D:5      | Found a broken altar of Ashenzari.
  3519 | D:5      | Noticed Sigmund
  3530 | D:5      | Killed Sigmund
  3530 | D:5      | Reached ** piety under Okawaru
  3531 | D:5      | Reached skill level 5 in Fighting
  3531 | D:5      | Reached skill level 5 in Armour
  3531 | D:5      | Reached skill level 5 in Shields
  3531 | D:5      | Reached XP level 8. HP: 50/68 MP: 4/7
  3693 | D:5      | Found a bloodstained altar of Trog.
  3821 | D:6      | Noticed Edmund
  3836 | D:6      | Killed Edmund
  3879 | D:6      | Reached skill level 10 in Axes
  4013 | D:6      | Found Deom's Assorted Antiques.
  4258 | D:6      | Found Rowofiah's General Store.
  4379 | D:6      | Reached skill level 6 in Fighting
  4525 | D:6      | Found Moidwif's Antique Armour Boutique.
  4717 | D:6      | Noticed Grinder
  4728 | D:6      | Paralysed by Grinder for 3 turns
  4734 | D:6      | Paralysed by Grinder for 2 turns
  4737 | D:6      | Killed Grinder
  4737 | D:6      | Reached *** piety under Okawaru
  4954 | D:7      | Reached XP level 9. HP: 72/78 MP: 8/8
  5290 | D:7      | Found a white marble altar of Elyvilon.
  5291 | D:7      | Found a hide-covered altar of Uskayaw.
  5291 | D:7      | Found a snail-covered altar of Cheibriados.
  5293 | D:7      | Found a shadowy altar of Dithmenos.
  5294 | D:7      | Found a burning altar of Makhleb.
  5497 | D:7      | Reached skill level 7 in Fighting
  5694 | D:8      | Found an ancient bone altar of Kikubaaqudgha.
  5981 | D:8      | Found a stormy altar of Qazlal.
  6095 | D:8      | Found a glowing silver altar of Zin.
  6171 | D:8      | Reached **** piety under Okawaru
  6515 | D:9      | Reached skill level 1 in Invocations
  6515 | D:9      | Reached skill level 1 in Evocations
  6521 | D:9      | Reached skill level 8 in Fighting
  6704 | D:9      | Reached XP level 10. HP: 85/88 MP: 10/10
  7046 | D:9      | Noticed a two-headed ogre
  7056 | D:9      | Killed a two-headed ogre
  7056 | D:9      | Reached ***** piety under Okawaru
  7204 | D:9      | Noticed a manticore
  7235 | D:9      | Killed a manticore
  7520 | D:9      | Reached skill level 9 in Fighting
  7718 | D:9      | Found a basalt altar of Yredelemnul.
  7818 | D:10     | Entered Level 10 of the Dungeon
  7826 | D:10     | Reached XP level 11. HP: 97/97 MP: 12/12
  8039 | D:10     | Found a staircase to the Lair.
  8150 | D:10     | Identified the +0 chain mail of the Comet {^Contam Fly
                  | Str+2 Stlth+}
  8166 | D:10     | Found Tierph's Antique Weapon Emporium.
  8215 | D:10     | Noticed Maggie
  8239 | D:10     | Killed Maggie
  8259 | D:10     | Noticed a soul eater
  8522 | Lair:1   | Entered Level 1 of the Lair of Beasts
  8606 | Lair:1   | Noticed an eight-headed hydra
  8616 | Lair:1   | Killed an eight-headed hydra
  9062 | Lair:1   | Reached skill level 10 in Shields
  9192 | Lair:1   | Received a gift from Okawaru
  9193 | Lair:1   | Reached skill level 10 in Armour
  9201 | Lair:1   | Reached skill level 10 in Fighting
  9201 | Lair:1   | Reached skill level 5 in Invocations
 10298 | Lair:2   | Found a dark tunnel.
 10491 | Volcano  | Entered a volcano
 10510 | Volcano  | Reached skill level 5 in Evocations
 10598 | Volcano  | Reached ****** piety under Okawaru
 10631 | Volcano  | Acquired the +6 broad axe "Uzxuw" {flame, rF+ Int+2}
 10631 | Volcano  | Received a gift from Okawaru
 10635 | Volcano  | Acquired the +1 pair of boots of Qydyps {Will+ Dex+2 SInv}
 10635 | Volcano  | Received a gift from Okawaru
 10787 | Volcano  | Reached XP level 12. HP: 105/107 MP: 15/15
 10940 | Volcano  | Noticed a fire dragon
 10969 | Volcano  | Killed a fire dragon
 10969 | Volcano  | Received a gift from Okawaru
 11274 | Lair:2   | Found a hole to the Spider Nest.
 11288 | Lair:2   | Noticed Nergalle
 11312 | Lair:2   | Killed Nergalle
 11313 | Lair:2   | Reached skill level 11 in Fighting
 11404 | Lair:2   | Received a gift from Okawaru
 11444 | Lair:2   | Found a staircase to the Shoals.
 12220 | Lair:3   | Received a gift from Okawaru
 12264 | Lair:3   | Reached XP level 13. HP: 36/117 MP: 17/17
 12914 | Lair:3   | Reached skill level 12 in Fighting
 13545 | Lair:4   | Found a staircase to the Slime Pits.
 13546 | Lair:4   | Found a viscous altar of Jiyva.
 13814 | Lair:4   | Received a gift from Okawaru
 13954 | Lair:4   | Found a runed translucent door.
 14177 | Lair:5   | Entered Level 5 of the Lair of Beasts
 14536 | Lair:5   | Received a gift from Okawaru
 14756 | Lair:5   | Reached skill level 15 in Axes
 15250 | Lair:5   | Reached skill level 13 in Fighting
 15295 | Lair:5   | Identified the ring of Hirrouto {Will+ Str+6 Int+3 Stlth+}
 15357 | Lair:5   | Received a gift from Okawaru
 15697 | Lair:5   | Found a burning altar of Makhleb.
 15727 | Lair:5   | Reached XP level 14. HP: 114/129 MP: 19/19
 15756 | Lair:5   | Found a gateway to Hell.
 16132 | D:11     | You fall into a shaft and drop 3 floors!
 16261 | D:13     | Found Itucoi's Assorted Antiques.
 16327 | D:13     | Noticed boogee100's ghost (journeyman GrEE)
 16355 | D:13     | Received a gift from Okawaru
 16693 | D:13     | Found a runed translucent door.
 16804 | D:13     | Killed boogee100's ghost
 17167 | D:12     | Found Qymn's Jewellery Emporium.
 17255 | D:12     | Noticed Rupert
 17269 | D:12     | Killed Rupert
 17947 | D:11     | Identified the blade talisman "Fyrph" {rC+ Dex-4 SInv}
 18010 | D:11     | Found a sacrificial altar of Ru.
 18336 | D:11     | Found a staircase to the Orcish Mines.
 18535 | Orc:1    | Entered Level 1 of the Orcish Mines
 18676 | Orc:2    | Entered Level 2 of the Orcish Mines
 18676 | Orc:2    | Found Motaomue's Armour Shoppe.
 18719 | Orc:2    | Received a gift from Okawaru
 18856 | Orc:2    | Reached skill level 14 in Fighting
 19087 | Orc:2    | Reached skill level 10 in Invocations
 19205 | Orc:2    | Found a staircase to the Elven Halls.
 19296 | Orc:2    | Noticed an orc warlord
 19313 | Orc:2    | Killed an orc warlord
 19494 | Orc:2    | Reached skill level 1 in Dodging
 19613 | Orc:2    | Received a gift from Okawaru
 19616 | Arena    | Entered the Arena
 19873 | Orc:2    | Found Ceut's General Store.
 19892 | Orc:2    | Reached XP level 15. HP: 116/139 MP: 21/21
 20018 | Orc:2    | Received a gift from Okawaru
 20067 | Orc:2    | Found Idweot's Magic Scroll Boutique.
 20073 | Orc:2    | Found Liet's Antique Weapon Shoppe.
 20089 | Orc:2    | Found Ojeatwyex's Jewellery Boutique.
 20420 | Orc:1    | Noticed Erica
 20425 | Orc:1    | Killed Erica
 21006 | D:14     | Found a glowing golden altar of the Shining One.
 21032 | D:14     | Noticed Kirke
 21040 | D:14     | Killed Kirke
 21459 | D:14     | Found a gate to the Vaults.
 21635 | D:15     | Entered Level 15 of the Dungeon
 21999 | D:15     | Found a staircase to the Depths.
 22170 | D:15     | Found Lilayvonot's Distillery.
 22195 | D:15     | Reached skill level 15 in Armour
 22384 | D:15     | Reached skill level 15 in Fighting
 22842 | Spider:1 | Entered Level 1 of the Spider Nest
 22847 | Spider:1 | Received a gift from Okawaru
 22886 | Spider:1 | Reached skill level 15 in Shields
 23007 | Spider:1 | Reached skill level 5 in Dodging
 23799 | Spider:2 | Received a gift from Okawaru
 23800 | Spider:2 | Found a glacial archway.
 23810 | IceCv    | Entered an ice cave
 23831 | IceCv    | Found a transporter.
 23846 | IceCv    | Found a transporter.
 23978 | Spider:2 | Noticed Jorgrun
 23981 | Spider:2 | Noticed Mlioglotl
 24000 | Spider:2 | Noticed a tentacled starspawn
 24004 | Spider:2 | Killed Jorgrun
 24005 | Spider:2 | Reached XP level 16. HP: 86/149 MP: 23/23
 24005 | Spider:2 | Killed Mlioglotl
 24446 | Spider:1 | Received a gift from Okawaru
 25425 | Spider:3 | Noticed Arachne
 25437 | Spider:3 | Killed Arachne
 25946 | Spider:3 | Received a gift from Okawaru
 26322 | Spider:3 | Noticed Roxanne
 26372 | Spider:3 | Killed Roxanne
 26592 | Spider:3 | Identified the +1 robe "Xuimatu" {+Blink}
 26864 | Spider:4 | Entered Level 4 of the Spider Nest
 27030 | Spider:4 | Reached skill level 16 in Fighting
 27541 | Spider:4 | Received a gift from Okawaru
 28381 | Spider:4 | Reached XP level 17. HP: 123/159 MP: 1/25
 28515 | Spider:4 | Received a gift from Okawaru
 29303 | Spider:4 | Got a gossamer rune of Zot
 29549 | Shoals:1 | Entered Level 1 of the Shoals
 30088 | Shoals:1 | Found Azimput's Armour Boutique.
 30259 | Shoals:1 | Received a gift from Okawaru
 30696 | Shoals:2 | Found Hihualon's Weapon Shoppe.
 30913 | Shoals:2 | Found Kiprar's Distillery.
 31029 | Shoals:2 | Bought a potion of heal wounds for 65 gold pieces
 31244 | Shoals:2 | Identified the -2 cloak of Foolhardiness {rPois rF- Regen+
                  | Dex+3}
 31914 | Shoals:3 | Reached skill level 17 in Fighting
 32421 | Shoals:3 | Received a gift from Okawaru
 32951 | Shoals:4 | Entered Level 4 of the Shoals
 33696 | Shoals:4 | Received a gift from Okawaru
 33750 | Shoals:4 | Reached skill level 10 in Dodging
 34106 | Shoals:4 | Got a barnacled rune of Zot
 34213 | Shoals:4 | Reached XP level 18. HP: 164/170 MP: 27/27
 34319 | Shoals:4 | Identified 2 scrolls of acquirement
 34789 | Elf:1    | Entered Level 1 of the Elven Halls
 34931 | Elf:1    | Received a gift from Okawaru
 36733 | Elf:2    | Received a gift from Okawaru
 36784 | Elf:2    | Acquired the +7 crystal plate armour of Roywier {rElec rF+
                  | Str+3}
 36804 | Elf:2    | Acquired the +9 broad axe of the Thirteen Shrikes {flame,
                  | *Noise rN+++ SInv}
 37255 | Elf:2    | Found a large runed translucent door.
 37255 | Elf:2    | Found a large runed translucent door.
 37287 | Elf:2    | Found a large runed translucent door.
 37287 | Elf:2    | Found a large runed translucent door.
 37333 | Elf:2    | Reached skill level 18 in Fighting
 37651 | Elf:2    | Found Bucekefy's Distillery.
 37663 | Elf:2    | Bought a potion of heal wounds for 55 gold pieces
 38081 | Elf:2    | Received a gift from Okawaru
 38337 | Elf:2    | Reached skill level 1 in Throwing
 38621 | Elf:2    | Noticed Norris
 38644 | Elf:2    | Killed Norris
 39292 | Elf:3    | Entered Level 3 of the Elven Halls
 39360 | Elf:3    | Received a gift from Okawaru
 39404 | Elf:3    | Reached XP level 19. HP: 169/180 MP: 28/28
 40013 | Elf:3    | Found Huongaz's Assorted Antiques.
 40223 | Elf:3    | Received a gift from Okawaru
 40270 | Elf:3    | Identified the +8 rapier "Atwuh" {pain, rPois rF+ Dex+3}
 40270 | Elf:3    | Identified the ring of Fedhas's Pride {rC+ Int+2}
 40293 | Elf:3    | Identified the +7 glaive of Ru's Fury {drain, rPois rC+}
 40293 | Elf:3    | Identified the ring "Naeda" {rElec rF++ rC+ Will+ Dex+6}
 40337 | Arena    | Entered the Arena
 40373 | Elf:3    | Reached skill level 19 in Fighting
 40377 | Elf:3    | Received a gift from Okawaru
 40393 | Elf:3    | Reached skill level 5 in Throwing
 40683 | Elf:3    | Identified the orb of the Shrike {light, rC+ Int-4 Slay+6}
 40760 | Elf:3    | Acquired 617 gold pieces
 40827 | Elf:3    | Identified the +7 chain mail of Experimentation {Fly}
 40830 | Elf:3    | Identified the +1 ring mail of Ignis's Respect {Fly}
 40979 | Elf:3    | Noticed Mara
 41030 | Elf:3    | Noticed Deimar's illusion
 41342 | Elf:3    | Noticed Deimar's illusion
 41350 | Elf:3    | Noticed Deimar's illusion
 41362 | Elf:3    | Killed Mara
 41363 | Elf:3    | Reached skill level 1 in Ranged Weapons
 41839 | Vaults:1 | Entered Level 1 of the Vaults
 41875 | Vaults:1 | Received a gift from Okawaru
 42610 | Vaults:1 | Reached XP level 20. HP: 163/191 MP: 29/29
 42684 | Vaults:1 | Received a gift from Okawaru
 43250 | Vaults:1 | Reached skill level 5 in Ranged Weapons
 43296 | Vaults:1 | Paralysed by a formless jellyfish for 1 turns
 43611 | Vaults:2 | Found Lesicvi's Distillery.
 43622 | Vaults:2 | Bought a potion of heal wounds for 50 gold pieces
 43733 | Vaults:2 | Found a magical portal.
 43744 | WizLab   | Entered Iskenderun's Mystic Tower
 43916 | WizLab   | Received a gift from Okawaru
 44632 | WizLab   | Reached skill level 20 in Fighting
 44942 | WizLab   | Got Iskenderun's Omnibus of Bombardment
 44957 | WizLab   | Got the Codex of Accelerants and Electrocution
 45492 | Vaults:2 | Received a gift from Okawaru
 46324 | Vaults:2 | Received a gift from Okawaru
 46930 | Vaults:3 | Reached XP level 21. HP: 203/203 MP: 30/30
 46951 | Vaults:3 | Reached skill level 21 in Fighting
 47152 | Vaults:3 | Received a gift from Okawaru
 47339 | Vaults:3 | Got the Quarto of Changed Flame
 47510 | Vaults:3 | Found a staircase to the Crypt.
 47646 | Vaults:3 | Identified the +0 spear "Oclour" {flame, Str+7 Int-3 SInv
                  | Stlth+}
 48078 | Vaults:4 | Reached skill level 15 in Dodging
 48239 | Vaults:4 | Received a gift from Okawaru
 48243 | Vaults:4 | Paralysed by a formless jellyfish for 1 turns
 48532 | Vaults:4 | Reached skill level 22 in Fighting
 48629 | Vaults:4 | Received a gift from Okawaru
 49323 | Vaults:5 | Entered Level 5 of the Vaults
 49381 | Vaults:5 | Received a gift from Okawaru
 49457 | Vaults:5 | Reached XP level 22. HP: 53/217 MP: 31/31
 49541 | Vaults:5 | Reached skill level 23 in Fighting
 49549 | Vaults:5 | Received a gift from Okawaru
 50050 | Vaults:5 | Received a gift from Okawaru
 50396 | Vaults:5 | Noticed an ancient lich
 50401 | Vaults:5 | Killed an ancient lich
 50402 | Vaults:5 | Identified the +8 morningstar "Jutedgh" {holy, Dex+3}
 50478 | Vaults:5 | Identified the +12 orcbow of Tortfeasance {antimagic, rN+}
 50537 | Vaults:5 | Noticed a dread lich
 50539 | Vaults:5 | Identified the +9 orcbow of Checks and Balances {drain,
                  | +Blink}
 50558 | Vaults:5 | Killed a dread lich
 50567 | Vaults:5 | Identified the +0 leather armour of Houm {Dex+5}
 50860 | Vaults:5 | Found Uboa's Assorted Antiques.
 50894 | Vaults:5 | Reached skill level 24 in Fighting
 51019 | Vaults:5 | Got a silver rune of Zot
 51213 | Vaults:5 | Found Aptop's Antique Armour Boutique.
 51213 | Vaults:5 | Found the +15 Maxwell's patent armour {-Cast -Tele rElec
                  | Will+ rCorr}
 51216 | Vaults:5 | Received a gift from Okawaru
 51221 | Vaults:5 | Identified the +10 plate armour "Kuavu" {+Blink rC++ Will+
                  | Str-4}
 51223 | Vaults:5 | Identified the +0 spear of Profit {vamp, Fly rN+}
 51673 | D:13     | Bought a scroll of acquirement for 1352 gold pieces
 51673 | D:13     | Acquired the +9 kite shield "Yfideri" {rElec rF+}
 51795 | Depths:1 | Entered Level 1 of the Depths
 51937 | Depths:1 | Found a glowing golden altar of the Shining One.
 52291 | Depths:1 | Identified the +0 scale mail of the Blessed Realm {rF+ rC++
                  | Int-2 Stlth+}
 52479 | Depths:1 | Found a large runed translucent door.
 52479 | Depths:1 | Found a large runed translucent door.
 52511 | Depths:1 | Noticed Dameikh's ghost (veteran FoFi)
 52695 | Depths:2 | Reached XP level 23. HP: 232/232 MP: 32/32
 52826 | Depths:2 | Received a gift from Okawaru
 53169 | Depths:2 | Noticed phunky83's ghost (veteran MiBe)
 53169 | Depths:2 | Found a transporter.
 53833 | Depths:2 | Noticed a caustic shrike
 53896 | Depths:2 | Received a gift from Okawaru
 54361 | Depths:2 | Found a transporter.
 54412 | Depths:2 | Found a one-way gate leading to the halls of Pandemonium.
 54725 | Depths:2 | Identified the +5 dagger "Keir" {drain, rPois Dex+3 SInv
                  | Stlth+}
 54766 | Depths:2 | Identified the amulet of Vemieroko {Faith Harm Regen+
                  | Str+3}
 55237 | Depths:3 | Identified the +1 battleaxe "Fegor" {freeze, *Rage rC++
                  | Int+6}
 55351 | Depths:3 | Found The Oracle's Delphic Readings.
 55662 | Orc:2    | Bought a +1 hat for 154 gold pieces
 55856 | Depths:3 | Noticed a caustic shrike
 55869 | Depths:3 | Noticed Heoghut's ghost (adept DgCj)
 55884 | Depths:3 | Reached skill level 25 in Fighting
 55884 | Depths:3 | Reached skill level 10 in Throwing
 56040 | Depths:3 | Found a runed translucent gate.
 56040 | Depths:3 | Found a runed translucent gate.
 56040 | Depths:3 | Found a runed translucent gate.
 56062 | Depths:3 | Found a portal to a secret trove of treasure.
 56151 | Depths:3 | Found a one-way gate to the infinite horrors of the Abyss.
 56212 | Depths:3 | Noticed the Enchantress
 56234 | Depths:3 | Received a gift from Okawaru
 56241 | Depths:3 | Killed the Enchantress
 56801 | Depths:3 | You paid a toll of 7 scrolls of fog to enter a treasure
                  | trove
 56802 | Trove    | Entered a treasure trove
 56900 | Trove    | Identified the +0 cloak of Cheibriados's Grace {+Blink
                  | Dex+3}
 56902 | Trove    | Identified the -1 cloak of Taakkoz {rF- rN+++ Regen+ MP+9}
 56909 | Trove    | Identified the +2 helmet of the Snail {Will+ Str+3}
 56910 | Trove    | Identified the +4 hat of Iczaraex {Rampage rN+ Regen+}
 56960 | Trove    | Identified the +0 tower shield of the Serpent {+Blink rElec
                  | Will+ Stlth-}
 56961 | Trove    | Identified the +4 tower shield "Koenn" {Will++ Str-4 Dex+2
                  | Stlth+}
 57095 | Depths:4 | Entered Level 4 of the Depths
 57224 | Depths:4 | Found a broken altar of Ashenzari.
 57858 | Depths:4 | Found a gate to the Realm of Zot.
 57905 | Depths:4 | Found a one-way gateway to a ziggurat.
 58397 | Depths:4 | Received a gift from Okawaru
 58588 | Zot:1    | Entered Level 1 of the Realm of Zot
 58787 | Zot:1    | Reached XP level 24. HP: 243/243 MP: 12/32
 59127 | Zot:1    | Received a gift from Okawaru
 60255 | Zot:2    | Received a gift from Okawaru
 60390 | Zot:2    | Identified the +1 ring mail of the Valley {Fly rPois rF+}
 61196 | Zot:3    | Reached skill level 26 in Fighting
 61332 | Zot:3    | Received a gift from Okawaru
 61379 | Zot:3    | Noticed a Killer Klown
 61435 | Zot:3    | Killed a Killer Klown
 62003 | Zot:4    | Received a gift from Okawaru
 62184 | Zot:3    | Reached XP level 25. HP: 79/253 MP: 32/32
 62602 | Zot:4    | Noticed an orb of fire
 62611 | Zot:4    | Gained mutation: Potions are less effective at restoring
                  | your health. [an orb of fire]
 62612 | Zot:4    | Killed an orb of fire
 63063 | Zot:4    | Noticed a Killer Klown
 63076 | Zot:4    | Killed a Killer Klown
 63248 | Zot:5    | Entered Level 5 of the Realm of Zot
 63605 | Zot:5    | Noticed an ancient lich
 63622 | Zot:5    | Killed an ancient lich
 63636 | Zot:5    | Noticed a Killer Klown
 63660 | Zot:5    | Noticed a dread lich
 63661 | Zot:5    | Noticed an orb of fire
 63663 | Zot:5    | Received a gift from Okawaru
 63681 | Zot:5    | Gained mutation: You occasionally lose the ability to read
                  | scrolls when taking damage. [an orb of fire]
 63685 | Zot:5    | Gained mutation: Your magical capacity is low. (-10% MP)
                  | [an orb of fire]
 63688 | Zot:5    | Killed an orb of fire
 63734 | Zot:5    | Lost mutation: Potions are less effective at restoring your
                  | health. [potion of mutation]
 63734 | Zot:5    | Lost mutation: Your magical capacity is low. (-10% MP)
                  | [potion of mutation]
 63734 | Zot:5    | Gained mutation: You have large cloven feet. [potion of
                  | mutation]
 63734 | Zot:5    | Gained mutation: You are somewhat resistant to further
                  | mutation. [potion of mutation]
 63801 | Zot:5    | Killed a dread lich
 63900 | Zot:5    | Killed a Killer Klown
 64129 | Zot:5    | Noticed a Killer Klown
 64144 | Zot:5    | Killed a Killer Klown
 64144 | Zot:5    | Received a gift from Okawaru
 64362 | Zot:5    | Noticed an orb of fire
 64366 | Zot:5    | Gained mutation: You sometimes lose your temper in combat.
                  | [mutagenic glow]
 64369 | Zot:5    | Noticed an ancient lich
 64374 | Zot:5    | Noticed an orb of fire
 64397 | Zot:5    | Gained mutation: You have an uncontrollable temper. [an orb
                  | of fire]
 64401 | Zot:5    | Gained mutation: You are dopey. (Int -2) [mutagenic glow]
 64417 | Zot:5    | Killed an orb of fire
 64417 | Zot:5    | Killed an orb of fire
 64425 | Zot:5    | Killed an ancient lich
 64458 | Zot:4    | Lost mutation: You are dopey. (Int -2) [potion of mutation]
 64458 | Zot:4    | Lost mutation: You have an uncontrollable temper. [potion
                  | of mutation]
 64458 | Zot:4    | Lost mutation: You occasionally lose the ability to read
                  | scrolls when taking damage. [potion of mutation]
 64458 | Zot:4    | Gained mutation: You are somewhat resistant to both further
                  | mutation and mutation removal. [potion of mutation]
 64489 | Zot:5    | Noticed an orb of fire
 64503 | Zot:5    | Reached skill level 10 in Evocations
 64520 | Zot:5    | Killed an orb of fire
 64525 | Zot:5    | Noticed a dread lich
 64546 | Zot:5    | Killed a dread lich
 64550 | Zot:5    | Lost mutation: You have large cloven feet. [potion of
                  | mutation]
 64550 | Zot:5    | Lost mutation: You sometimes lose your temper in combat.
                  | [potion of mutation]
 64597 | Zot:5    | Noticed an orb of fire
 64615 | Zot:5    | Gained mutation: You occasionally lose the ability to drink
                  | potions when taking damage. [an orb of fire]
 64616 | Zot:5    | Killed an orb of fire
 64616 | Zot:5    | Received a gift from Okawaru
 64617 | Zot:5    | Reached skill level 27 in Fighting
 64861 | Zot:5    | Noticed an orb of fire
 64883 | Zot:5    | Killed an orb of fire
 64884 | Zot:5    | Noticed a Killer Klown
 64979 | Zot:5    | Killed a Killer Klown
 65084 | Zot:5    | Got the Orb of Zot
 65137 | Zot:5    | Noticed a seraph
 65229 | Zot:1    | Received a gift from Okawaru
 65441 | D:13     | Reached XP level 26. HP: 266/266 MP: 32/32
 65616 | D:5      | Noticed Mupest the pandemonium lord
 65760 | D:$      | Escaped with the Orb!

Illustrated notes

Levels and vault maps discovered:
D:1:      lemuel_arrival_broad_hall, layout_rooms
D:2:      layout_basic
D:3:      layout_loops_corners, regret_index_xom_buried_treasure
D:4:      layout_cave_pools, nicolae_wu_jian_wuxing_cycle,
          minmay_temple_entry_purple_smoke, serial_shops, shop,
          nicolae_shop_clearance, uniq_menkaure
D:5:      layout_rooms, trog_butcher_becter, nicolae_overflow_squiral,
          mainiacjoe_overflow_six_doors_small, vehumet_altar_wand_db,
          minmay_misc_feat_iff, uniq_sigmund
D:6:      layout_loops_ring, cheibrodos_sewer_entry_sluice, serial_shops,
          kennysheep_mini, nicolae_shop_getting_attention, shop, uniq_edmund,
          uniq_grinder
D:7:      layout_loops_ring, grunt_temple_overflow_open
D:8:      layout_loops_ring, kiku_gazebo_garden_becter,
          mainiacjoe_overflow_catwalk, overflow_temple_1_default
D:9:      layout_basic, lemuel_mausoleum_altar_yredelemnul, chequers_jeans
D:10:     layout_rooms, lair_entry_dummy, serial_shops, shop, minivault_10,
          uniq_maggie
D:11:     layout_loops_ring, orc_0_dummy, nicolae_ru_awakened_eye
D:12:     layout_long_grid, serial_shops, nicolae_shop_pleasant_corner_grove,
          drop_trap, uniq_rupert
D:13:     layout_long_grid, hellmonk_ghost_big_iron, serial_shops,
          nicolae_shop_crystal
D:14:     nicolae_hitomezashi [nicolae_hito_row, nicolae_hito_row,
          nicolae_hito_row, nicolae_hito_row, nicolae_hito_row,
          nicolae_hito_row, nicolae_hito_row, nicolae_hito_row,
          nicolae_hito_row, nicolae_hito_row, nicolae_hito_row,
          nicolae_hito_row, nicolae_hito_row, nicolae_hito_row,
          nicolae_hito_row, nicolae_hito_row, nicolae_hito_row,
          nicolae_hito_row], layout_loops_ring, david_vaults_4,
          lemuel_crystal_altar, uniq_kirke
D:15:     grunt_enter_depths_hoard, layout_basic, minmay_misc_feat_rows,
          serial_shops, shop
Temple:   corrupted_temple
Lair:1:   beast_lair_carwin_large_1, layout_layer_cave, minivault_23,
          minivault_24, lemuel_fruit_fields
Lair:2:   layout_regular_city, minmay_shoals_entry_lonely_mermaid,
          nicolae_spider_entry_lesser_pyramids, nicolae_volcano_entry_batcave,
          beast_lair_carwin_2, serial_bayou_shore_b, uniq_nergalle
Lair:3:   layout_cave_shapes, gauntlet_entry_generic,
          nicolae_lair_run_with_the_wolves
Lair:4:   layout_cave_shapes, slime_entry_1, pdpol_lair_cabin_in_the_woods,
          lemuel_fruit_tree, infiniplex_staircase_pool
Lair:5:   evil_forest, layout_regular_city
Shoals:1: layout_shoals, serial_shops, nicolae_shop_peninsula
Shoals:2: layout_shoals, serial_shops, nicolae_shop_window_shopping, shop
Shoals:3: layout_shoals, nicolae_shoals_flooded_hall
Shoals:4: shoals_end_hellmonk_lost_city
Spider:1: layout_spider_delve
Spider:2: layout_spider_delve, portal_ice_cave_entry_ice_simulacra,
          uniq_mlioglotl, uniq_jorgrun
Spider:3: layout_spider_delve, uniq_roxanne, uniq_arachne
Spider:4: floodkiller_spider_rune_tomb
Orc:1:    layout_caves, uniq_erica
Orc:2:    st_orc_open, layout_caves, serial_shops, nicolae_shop_hallway_stairs,
          minmay_orc_barracks
Elf:1:    layout_geoelf_octagon, nicolae_elf_shapeshifter_party
Elf:2:    elven_hall_of_blades_hangedman_alternative
          [nicolae_blade_entry_splitting_headache], layout_loops_cross,
          serial_shops, shop, special_room [special_room_orc], uniq_norris
Elf:3:    minmay_elf_hall_furrowed, layout_geoelf_castle, serial_shops, shop,
          uniq_mara
Vaults:1: serial_ice_g, nicolae_vaults_shipping_containers_7,
          grunt_vaults_hallway_short, v_misc_33,
          vaults_room_grunt_arrival_ludios, v_pattern_4,
          nicolae_vaults_closet_pinwheel_2, v_misc_17, v_misc_30,
          hangedman_vaults_capsules, nicolae_vaults_gold_heap,
          vaults_room_pools, layout_vaults_ring
Vaults:2: mu_enter_wizlab_3, nicolae_vaults_little_squares_6,
          vaults_mumra_minichess, grunt_vaults_funnel, v_misc_27,
          vaults_mumra_hex, vaults_dpeg_diagonal, nicolae_vaults_house_1,
          nicolae_vaults_stepped_doors, nicolae_vaults_holding_cells,
          vaults_dpeg_hooks, nicolae_vaults_oval_intersection,
          nicolae_vaults_turnstiles, vaults_dpeg_emergency_exit,
          layout_vaults_omnicross, serial_shops, nicolae_shop_gibbet_a_chance
Vaults:3: nicolae_vaults_house_3, minmay_crypt_entry_skeletal_spiral,
          nicolae_vaults_little_squares_2, nicolae_vaults_library_corner,
          hangedman_vaults_pinch, layout_vaults_omnigrid
Vaults:4: nicolae_vaults_more_shelving_1, ontoclasm_vaults_hangar,
          vaults_room_hallway, vaults_dpeg_doors, hangedman_vaults_cutoff,
          nicolae_vaults_sightless_eye, grunt_vaults_trifunnel,
          ontoclasm_vaults_chip, grunt_vaults_hallway_long,
          nicolae_vaults_shelves_hall, grunt_vaults_diagonal,
          vaults_dpeg_encased_lava, vaults_room_fours, vaults_mumra_chevron,
          layout_vaults_omnibox
Vaults:5: serial_shops
Depths:1: layout_small_grid, lightli_too_deep, ebering_ghost_disaster_area,
          nicolae_tso_swordbearing_angel, serial_library_hellmonk_u_bend,
          lemuel_old_faithful, infiniplex_staircase_pool_lava
Depths:2: minmay_triangles_in_corner, layout_cave_shapes, pan_entry,
          hellmouth_1, gammafunk_ghost_arena, serial_bayou_shore_b,
          serial_bayou_shore_b
Depths:3: minmay_polygon_palace, layout_long_grid, gammafunk_ghost_split,
          hell_entry, serial_library, serial_library_hellmonk_room_b,
          serial_library_hellmonk_open_square,
          serial_library_regret_index_double_sided,
          serial_library_hellmonk_junction, serial_library_hellmonk_room_b,
          serial_library_hellmonk_secret_room, rand_demon_pan_entry_5,
          abyss_entry, enter_trove_3, nicolae_nh_oracle_at_delphi,
          minmay_staircase_bubble, uniq_enchantress
Depths:4: evilmike_zot_entry_round, layout_basic, enter_ziggurat_e,
          nicolae_ashenzari_panopticon, pf_hell_entry_tar_spiral, abyss_entry
Zot:1:    layout_gridlike, regret_index_zotdec_tunneler
Zot:2:    layout_misc_corridors, grunt_megastairs_3
Zot:3:    kennysheep_blocky_room, layout_basic
Zot:4:    layout_basic, regret_index_zotdec_glowing_original, st_stairs_9
Zot:5:    layout_gridlike

Skill      XL: |  1  2  3  4  5  6  7  8  9 10 11 12 13 14 15 16 17 18 19 20 21 22 23 24 25 |
---------------+----------------------------------------------------------------------------+-----
Axes           | 3 4 5 6 7 9 10 11 12 13 14 15 16 17 18 | 18.0
Fighting       | 5 6 8 9 10 11 13 14 15 16 17 18 19 20 22 24 25 26 27 | 27.0
Armour         | 5 6 8 9 10 11 13 14 15 16 17 18 19 20 21 22 23 24 25 | 25.4
Shields        | 5 6 8 9 10 11 13 14 15 16 17 18 19 20 21 22 23 24 25 | 25.3
Invocations    | 1 3 5 7 9 10 11 12 13 14 | 14.1
Evocations     | 1 3 5 8 10 | 10.7
Dodging        | 2 5 8 10 11 13 14 15 17 18 19 20 | 20.5
Throwing       | 2 5 6 9 10 | 10.0
Ranged Weapons | 3 7 9 |  9.0

Action                     |  1- 3 |  4- 6 |  7- 9 | 10-12 | 13-15 | 16-18 | 19-21 | 22-24 | 25-27 || total
---------------------------+-------+-------+-------+-------+-------+-------+-------+-------+-------++-------
  Melee: War axe           |    61 |    73 |   296 |   390 |       |       |       |       |       ||   820
         Headbutt          |     7 |    12 |    46 |   121 |   218 |   296 |   396 |   559 |   181 ||  1836
         Flail             |       |       |       |    23 |       |       |       |       |       ||    23
         Broad axe         |       |       |       |   182 |   974 |  1294 |  1314 |  1666 |   568 ||  5998
   Fire: Hand cannon       |       |       |       |       |       |       |   153 |       |       ||   153
  Throw: Javelin           |       |       |       |     2 |       |    36 |    39 |    43 |     4 ||   124
 Invoke: Heroism           |       |       |     1 |     4 |     4 |     5 |     3 |       |       ||    17
         Receive Weapon    |       |       |       |     1 |       |       |       |       |       ||     1
         Receive Armour    |       |       |       |     1 |       |       |       |       |       ||     1
         Finesse           |       |       |       |     1 |     4 |     5 |     3 |       |       ||    13
         Duel              |       |       |       |       |     1 |       |     1 |       |       ||     2
  Evoke: Wand              |       |       |       |       |     2 |     6 |       |       |       ||     8
    Use: Scroll            |       |     3 |     4 |     7 |    10 |    10 |     7 |    13 |     1 ||    55
         Potion            |       |     1 |       |       |     1 |     4 |     5 |     5 |     3 ||    19
   Stab: Petrified         |       |       |       |       |     2 |       |       |       |       ||     2
         Distracted        |       |       |       |       |       |       |     1 |     1 |       ||     2
 Armour: Plate armour      |    66 |    48 |   187 |   331 |   481 |   642 |       |       |       ||  1755
         Scale mail        |     3 |       |       |       |       |       |       |       |       ||     3
         Skin              |       |       |     7 |       |       |       |       |       |       ||     7
         Crystal plate arm |       |       |       |       |       |   120 |   494 |   499 |       ||  1113
         Gold dragon scale |       |       |       |       |       |       |       |   152 |   201 ||   353
  Dodge: Dodged            |    29 |    16 |    59 |   132 |   183 |   342 |   288 |   414 |   124 ||  1587
  Block: Buckler           |    13 |    14 |   107 |    70 |       |       |       |       |       ||   204
         Reflection        |       |       |     7 |     1 |    24 |    81 |   112 |    44 |     7 ||   276
         Kite shield       |       |       |       |   353 |   750 |   984 |   924 |   891 |       ||  3902
         Tower shield      |       |       |       |       |       |       |       |   950 |   585 ||  1535
